 Dungeon Crawl Stone Soup version 0.24-a0-506-g958ff8eaa0 (webtiles) character file.

Game seed: 7236871145499129246

191 KapersCrawl the Charmwright (level 5, -4/36 HPs)
             Began as an Octopode Skald on July 18, 2019.
             Was an Initiate of Gozag.
             Slain by an ogre
             ... wielding a +0 giant club
              (16 damage)
             ... on level 4 of the Dungeon.
             The game lasted 00:12:14 (3122 turns).

KapersCrawl the Charmwright (Octopode Skald)        Turns: 3122, Time: 00:12:15

Health: -4/36      AC:  1    Str: 10    XL:     5   Next: 70%
Magic:  5/8        EV: 14    Int: 17    God:    Gozag
Gold:   112        SH:  0    Dex: 11    Spells: 3/8 levels left

rFire    . . .     SeeInvis +   a - +0 spear
rCold    . . .     Gourm    .   (no shield)
rNeg     . . .     Faith    .   (helmet restricted)
rPois    .         Spirit   .   (no amulet)
rElec    .         Reflect  .   j - ring of see invisible
rCorr    .         Harm     .   (no ring)
MR       .....                  (no ring)
Stlth    +++.......             (no ring)
HPRegen  0.12/turn              (no ring)
MPRegen  0.11/turn              (no ring)
                                (no ring)
                                (no ring)

@: no status effects
A: almost no armour, stealthy swim, amphibious, 8 rings, constrict 8, camouflage
1, gelatinous body 1
a: Potion Petition, Call Merchant, Bribe Branch, Renounce Religion


You were on level 4 of the Dungeon.
You worshipped Gozag.
Gozag was aware of your devotion.
You were not hungry.

You visited 1 branch of the dungeon, and saw 4 of its levels.

You collected 153 gold pieces.
You paid 41 gold pieces to Gozag.

Inventory:

Hand Weapons
 a - a +0 spear (weapon)
 p - a +0 quarterstaff of protection
Missiles
 b - a throwing net
 d - 53 stones (quivered)
Jewellery
 j - a ring of see invisible (left tentacle)
Scrolls
 h - 2 scrolls of enchant armour
 l - a scroll of immolation {unknown}
 m - 2 scrolls of teleportation
 n - a scroll of remove curse
Potions
 e - 2 potions of curing
 f - 2 potions of mutation {unknown}
 g - a potion of magic {unknown}
 i - 3 potions of heal wounds {unknown}
 k - a potion of brilliance {unknown}
Comestibles
 c - 7 rations


   Skills:
 + Level 3.2 Fighting
 + Level 3.1 Polearms
 - Level 3.0 Dodging
 + Level 2.3 Stealth
 - Level 2.0 Spellcasting
 + Level 1.6 Hexes
 + Level 3.7 Charms


You had 3 spell levels left.
You knew the following spells:

 Your Spells              Type           Power        Failure   Level  Hunger
a - Infusion              Chrm           ##..         4%          1    #......
b - Spectral Weapon       Hex/Chrm       ##......     19%         3    ###....
o - Animate Skeleton      Necr           N/A          19%         1    #......

Your spell library contained the following spells:

 Spells                   Type           Power        Failure   Level  Hunger
 Song of Slaying          Chrm           ##......     6%          2    ###....
 Confusing Touch          Hex            #.....       10%         1    #......
 Shroud of Golubria       Chrm/Tloc      #.....       14%         2    ###....
 Apportation              Tloc           #.....       19%         1    #......
 Summon Small Mammal      Summ           #...         19%         1    #......
 Regeneration             Chrm/Necr      #.........   26%         3    ###....


Dungeon Overview and Level Annotations

Branches:
Dungeon (4/15)
 Temple: D:4-7

Altars:
Gozag

Annotations:
D:2 exclusion: downstairs
D:3 exclusions: downstairs and zombie, Ijyb


Innate Abilities, Weirdness & Mutations

You cannot wear most types of armour.
You are very stealthy in the water. (Stealth+)
You are amphibious.
You can wear up to eight rings at the same time.
You can use your tentacles to constrict eight enemies at once.
Your skin changes colour to match your surroundings (Stealth+).
Your rubbery body absorbs attacks. (AC +1, EV +1)


Message History

Your spectral weapon shares its damage with you!
Your spectral weapon fades away.
The quokka skeleton misses you.
You barely miss the quokka. Your grab misses the quokka. The quokka bites you.
You hit the quokka but do no damage. Your grab misses the quokka.
The quokka skeleton bites you but does no damage.
The quokka barely misses you.
You hit the quokka.
You kill the quokka!
The quokka skeleton barely misses you. The quokka skeleton closely misses you.
Things that are here:
4 gold pieces; a +0 dagger; a +0 robe The quokka skeleton bites you.
The quokka skeleton misses you.
The quokka skeleton completely misses you.
The quokka skeleton bites you. The ogre hits you with a +0 giant club!
You die...
Your body crumbles into a pile of gold.

##........... #####
#..........[..####....
#.............O.><.###
#..<........#..#####
#...$......##
#.$$$.....[#
##........##
#..........#
#...Z@..[..#
#...O......#
#..........#
#..........#
##........##
##......## ########


You could see an ogre and a quokka skeleton.

Vanquished Creatures
  2 orc wizards
  An adder (D:3)
  2 oozes
  6 worms
  4 dart slugs
  4 leopard geckos
  8 orcs
  2 giant cockroaches
  11 hobgoblins
  10 kobolds
  A quokka (D:4)
  A ball python (D:2)
  3 bats
  7 frilled lizards
  12 goblins
  7 rats
81 creatures vanquished.

Vanquished Creatures (others)
  2 spectral weapons (D:4)
2 creatures vanquished.

Grand Total: 83 creatures vanquished

Notes
Turn   | Place    | Note
-------+----------+-------------------------------------------
     0 | D:1      | KapersCrawl the Octopode Skald began the quest for the Orb.
     0 | D:1      | Reached XP level 1. HP: 14/14 MP: 3/3
    79 | D:1      | Reached XP level 2. HP: 19/19 MP: 0/5
   288 | D:1      | Reached XP level 3. HP: 25/25 MP: 6/6
   303 | D:1      | Learned a level 3 spell: Spectral Weapon
  1188 | D:2      | Found a faded altar of an unknown god.
  1203 | D:2      | Reached XP level 4. HP: 25/30 MP: 7/7
  1979 | D:3      | Noticed Ijyb
  2039 | D:3      | Reached skill level 1 in Stealth
  2039 | D:3      | Reached skill level 1 in Hexes
  2257 | D:3      | Found an opulent altar of Gozag.
  2323 | D:3      | Learned a level 1 spell: Animate Skeleton
  2734 | D:3      | Reached XP level 5. HP: 35/36 MP: 2/8
  2955 | D:3      | Became a worshipper of Gozag Ym Sagoz the Greedy
  3042 | D:4      | Noticed an ogre
  3122 | D:4      | Slain by an ogre

Levels and vault maps discovered:
D:1:      lightli_arrival_chessboard, layout_loops_ring, serial_forest,
          infiniplex_forest_clump_long, infiniplex_forest_corner_2,
          infiniplex_forest_lined_2, infiniplex_forest_end_3,
          infiniplex_forest_corner_1, infiniplex_forest_lined_room_3,
          infiniplex_forest_3_way
D:2:      layout_basic, chequers_ecumenical_altar_simple,
          hangedman_decor_slide_cut
D:3:      corexii_shack_village, layout_basic, grunt_gozag_breadcrumbs,
          uniq_ijyb
D:4:      layout_rooms

Skill      XL: |  1  2  3  4  5 |
---------------+----------------+-----
Dodging        | 3 |  3.0
Stealth        | 1 2 |  2.3
Hexes          | 1 |  1.6
Fighting       | 3 |  3.2
Polearms       | 3 |  3.1
Spellcasting   | |  2.0
Charms         | |  3.7

Action                   |  1- 3 |  4- 6 || total
-------------------------+-------+-------++-------
Melee: Spear             |   100 |   107 ||   207
       Tentacles         |    17 |    14 ||    31
       Constrict         |    19 |    25 ||    44
Throw: Stone             |     3 |     7 ||    10
 Cast: Infusion          |     3 |       ||     3
       Spectral Weapon   |     4 |     8 ||    12
       Animate Skeleton  |       |     2 ||     2
  Use: Scroll            |       |     6 ||     6
       Potion            |       |     1 ||     1
 Stab: Sleeping          |     7 |     7 ||    14
  Eat: Chunk             |     2 |     7 ||     9
Armor: Skin              |     3 |     3 ||     6
Dodge: Dodged            |    42 |    30 ||    72

Table legend:
 A = Non-vault XP
 B = Vault XP
 C = Vault XP percentage of total XP
 D = Non-vault monster count
 E = Vault monster count
 F = Vault count percentage of total count
                 A         B        C        D         E       F
            +---------+---------+-------+---------+---------+-------
      Total |     251 |      23 |   8.4 |      71 |      10 |  12.3
            +---------+---------+-------+---------+---------+-------
        D:1 |      63 |       0 |   0.0 |      31 |       0 |   0.0
        D:2 |      49 |       0 |   0.0 |      20 |       0 |   0.0
        D:3 |      87 |      23 |  20.9 |      14 |      10 |  41.7
        D:4 |      52 |       0 |   0.0 |       6 |       0 |   0.0
            +---------+---------+-------+---------+---------+-------
